 Dungeon Crawl Stone Soup version 0.30-a0-748-ge6a52f7cba (webtiles) character file.

Game seed: 11000236973615838584

2 Esekla the Sneak (level 1, 16/16 HPs)
             Began as an Octopode Delver on Feb 8, 2023.
             Quit the game on level 5 of the Dungeon.
             The game lasted 00:03:05 (238 turns).

Esekla the Sneak (Octopode Delver)                   Turns: 238, Time: 00:03:05

Health: 16/16      AC:  1    Str: 11    XL:     1   Next: 30%
Magic:  1/1        EV: 13    Int: 12    God:
Gold:   20         SH:  0    Dex: 13    Spells: 0/0 levels left

rFire   . . .      SeeInvis .    a - +0 falchion
rCold   . . .      Faith    .    (no shield)
rNeg    . . .      Spirit   .    (helmet restricted)
rPois   .          Reflect  .    (no amulet)
rElec   .          Harm     .    (no ring)
rCorr   .          Rampage  .    (no ring)
Will    .....                    (no ring)
Stlth   ++++                     (no ring)
HPRegen 0.22/turn                (no ring)
MPRegen 0.07/turn                (no ring)
                                 (no ring)
                                 (no ring)

@: hasted, very quick
A: almost no armour, amphibious, 8 rings, camouflage 1, gelatinous body 1,
(nimble swimmer 1), tentacles
a: no special abilities


You were on level 5 of the Dungeon.
You visited 1 branch of the dungeon, and saw 1 of its levels.

You collected 20 gold pieces.

Inventory:

Hand Weapons
 a - a +0 falchion (weapon)
 i - a +0 long sword
Missiles
 c - 2 boomerangs (quivered)
Wands
 f - a wand of digging (1)
Scrolls
 b - a scroll of fog
 d - a scroll of immolation {unknown}
 h - a scroll of blinking {unknown}
Potions
 g - a potion of brilliance {unknown}


   Skills:
 + Level 3.0 Fighting
 + Level 2.0 Long Blades
 + Level 2.0 Dodging
 + Level 6.7 Stealth


You couldn't memorise any spells.
You didn't know any spells.
Your spell library was empty.

Dungeon Overview and Level Annotations

Branches:
Dungeon (5/15)
 Temple: D:4-7

Altars:
Trog

Shops:
D:5 (

Portals:
Abyss: D:5
Sewer: D:5

Annotations:
D:5 pokeman's ghost, amateur DEHW


Innate Abilities, Weirdness & Mutations

You cannot wear most types of armour.
You are amphibious.
You can wear up to eight rings at the same time.
Your skin changes colour to match your surroundings (Stealth+).
Your rubbery body absorbs attacks. (AC +1, EV +1)
((You are camouflaged when in or above water. (Stealth+)))
You have tentacles for arms and can constrict up to eight enemies at once.


Message History

Are you sure you want to abandon this character and quit the game? (Confirm with "yes".)
Okay, then.
As you read the scroll of fear, it crumbles to dust.
You assume a fearsome visage.
The black bear looks frightened!
The orc priest looks frightened!
The jelly looks frightened!
You hear the slow rusting of a very distant drain.
Found 2 javelins.
Found a one-way gate to the infinite horrors of the Abyss.
Pokeman's ghost turns its malevolent gaze towards you.
An orc comes into view. It is wielding a +0 short sword.
An orc comes into view. It is wielding a +0 short sword.
Found Daweir's Weapon Boutique.
There is an entrance to Daweir's Weapon Boutique here.
You can access your shopping list by pressing '$'.
Okay, then. 2 orcs and an iguana come into view.
Aiming: Dig
Press: ? - help, Shift-Dir - straight line A rock wall.
The rock shatters into small pieces.
The orc shouts!
You hear a shout!
You hear an angry hiss.
Found a scroll labelled ZOOSSE FIECVE.
You hear the slow rusting of a very distant drain.
Found a stone staircase leading down.
Found a scroll labelled ACIKHL LOHENT.
Found 9 gold pieces.
An ogre comes into view. It is wielding a +0 giant spiked club.
You see here a scroll labelled ZOOSSE FIECVE.
d - a scroll labelled ZOOSSE FIECVE You see here 9 gold pieces.
You now have 20 gold pieces (gained 9).
Found a long sword.
A jelly comes into view.
You see here a +0 long sword.
i - a +0 long sword The jelly quivers.
You feel yourself speed up. The orc closely misses you.
Found a glowing drain.
The adder hisses angrily.
Are you sure you want to abandon this character and quit the game? (Confirm with "yes".)

**,* *#...,,****,,,,
*,,**##.....,,,,,,,,,
*,***.......,,,,,,,,, #
*,###.......,,,,,,,,, #
*,,.........,,,,,,,,, ##
***...######*,,,,,,,, .# ######
###..#~~~S~*,,,,,,,, .## #....#
##....#SB∩~~+,,,,,,,, ..#
##....###..#@.#BS~~~*,,,,,*,,
..###.....oo..###.######*,,,,,**,
#..........#J..#*.......,,,,,,***
..##........#...###.....,,,,,,*
.###........##...#*...##,,,,,,*
##*#.........##..#*,..#**,,,,,* *
#..........#*#..#,,## *,,,,,*
##........## *###*** ****,**
##......## ***


You could see 3 adders and 2 giant cockroaches.

Vanquished Creatures
  An orc (D:5)
1 creature vanquished.

Notes
Turn   | Place    | Note
-------+----------+-------------------------------------------
     0 | D:5      | Esekla the Octopode Delver began the quest for the Orb.
     0 | D:5      | Reached XP level 1. HP: 16/16 MP: 1/1
    71 | D:5      | Noticed an iguana
    87 | D:5      | Noticed a scorpion
    87 | D:5      | Noticed a jelly
    88 | D:5      | Noticed an orc priest
   134 | D:5      | Noticed a black bear
   135 | D:5      | Found a bloodstained altar of Trog.
   169 | D:5      | Found a one-way gate to the infinite horrors of the Abyss.
   169 | D:5      | Noticed pokeman's ghost (amateur DEHW)
   183 | D:5      | Found Daweir's Weapon Boutique.
   194 | D:5      | Noticed an iguana
   207 | D:5      | Noticed an ogre
   222 | D:5      | Noticed a jelly
   235 | D:5      | Found a glowing drain.
   238 | D:5      | Quit the game

Illustrated notes

Levels and vault maps discovered:
D:5:      layout_cave_pods, trog_ov_bears_minmay, serial_shops,
          nicolae_shop_stone, gammafunk_ghost_abyssal_escape,
          gup_sewer_entry_glass

Action                     || total
---------------------------++-------
  Melee: Falchion          ||     2
         Constrict         ||     1
  Evoke: Wand              ||     2
    Use: Scroll            ||     2
         Potion            ||     1
  Dodge: Dodged            ||     2

Table legend: (Time is in decaauts)
 A = Elapsed time spent in this place.
 B = Non-inter-level travel time spent in this place.
 C = Inter-level travel time spent in this place.
 D = Time resting spent in this place.
 E = Time spent auto-exploring this place.
 F = Levels seen in this place.
 G = Mean time per level.
                   A        B        C        D        E       F      G
               +--------+--------+--------+--------+--------+-----+--------+
         Total |    236 |    236 |      0 |     27 |      0 |   1 |  236.0 |
       Dungeon |    236 |    236 |      0 |     27 |      0 |   1 |  236.0 |
               +--------+--------+--------+--------+--------+-----+--------+

Top non-repeatable levels by time:
     D:5: 236 daAuts
